 Dungeon Crawl Stone Soup version 0.20.1-1-g8b1a95d (webtiles) character file.

546 Hedgelord the Cleaver (level 7, -8/60 HPs)
             Began as a Hill Orc Fighter on Dec 12, 2017.
             Was an Initiate of Trog.
             Killed from afar by an orc (31 damage)
             ... with an exploding inner flame
             ... hexed by the player character
             ... on level 5 of the Dungeon on Dec 13, 2017.
             The game lasted 00:13:25 (2606 turns).

Hedgelord the Cleaver (Hill Orc Fighter)            Turns: 2606, Time: 00:13:30

Health: -8/60      AC: 12    Str: 21    XL:     7   Next: 28%
Magic:  7/7        EV:  6    Int: 13    God:    Trog [......]
Gold:   120        SH:  9    Dex: 10    Spells: 6/6 levels left

rFire    . . .     SeeInvis .   a - +1 war axe
rCold    . . .     Gourm    .   c - +0 shield
rNeg     . . .     Faith    .   s - +0 chain mail
rPois    .         Spirit   .   (no helmet)
rElec    .         Reflect  .   (no cloak)
rCorr    .         Harm     .   i - +2 pair of gloves
MR       .....                  (no boots)
Stlth    ..........             p - amulet of rage
Regen    0.2/turn               (no ring)
MPRegen  0.1/turn               (no ring)

@: brilliant
A: no striking features
a: Burn Spellbooks, Renounce Religion, Convert to Beogh, Evoke Berserk Rage


You were on level 5 of the Dungeon.
You worshipped Trog.
Trog was noncommittal.
You were very hungry.

You visited 2 branches of the dungeon, and saw 5 of its levels.

You collected 120 gold pieces.

Inventory:

Hand Weapons
 a - a +1 war axe (weapon)
 e - a +2 short sword of draining
 j - a +0 hand axe
 n - a +0 giant spiked club
Missiles
 o - 60 stones (quivered)
Armour
 b - a +0 scale mail
 c - a +0 shield (worn)
 i - a +2 pair of gloves (worn)
 k - a +0 ring mail
 s - a +0 chain mail (worn)
Jewellery
 p - an amulet of rage (around neck)
Scrolls
 l - a scroll of identify
Potions
 d - a potion of might
 h - a potion of ambrosia {unknown}
 q - a potion of heal wounds {unknown}
Comestibles
 r - a royal jelly
 t - a fruit


   Skills:
 + Level 4.4 Fighting
 * Level 8.1 Axes
 + Level 4.3 Armour
 + Level 0.7 Dodging
 + Level 0.1 Stealth
 + Level 4.4 Shields


You had 6 spell levels left.
You didn't know any spells.

Dungeon Overview and Level Annotations

Branches:
Dungeon (5/15)             Temple (1/1) D:4

Altars:
Ashenzari
Dithmenos
Elyvilon
Fedhas
Gozag
Kikubaaqudgha
Makhleb
Okawaru
Qazlal
Ru
Trog
Uskayaw
Zin
The Shining One

Shops:
D:5 [

Annotations:
D:5 Eustachio


Message History

The orc priest looks braver for a moment.
Eustachio casts a spell.
You see here a scroll of immolation.
The white imp grinds its teeth.
Eustachio mumbles some strange words.
Eustachio blinks!
You open the door. The orc barely misses you. The quokka closely misses you.
There is an open door here.
You hit the quokka.
You kill the quokka!
The quokka's corpse disappears in a puff of smoke!
You hit the orc but do no damage. The orc barely misses you.
You slash the orc!
The orc explodes!
The fiery explosion engulfs the quokka.
You kill the quokka!
The quokka's corpse disappears in a puff of smoke!
The fiery explosion engulfs you!
Ouch! That really hurt!
You die...

####### #.....#
#.....#
####.....# #.
.........# ...
......#@# ....
......#§###(...
...?..§oo......
.......?Z..##..
..#
.......o.......
...
...............
...
#......#.........
...
#................
...
#.......#.##.....
...


You could see an orc priest (inner flame), 2 orcs and a leopard gecko skeleton.

Vanquished Creatures
  Edmund (D:5)
  An ogre (Temple)
  A centaur (D:4)
  A scorpion (D:5)
  A howler monkey (D:4)
  A hound (D:5)
  An iguana (D:4)
  A worker ant (D:4)
  A hound skeleton (D:4)
  2 adders
  An ooze (D:1)
  A worm (D:4)
  2 dart slugs (D:1)
  A leopard gecko (D:1)
  4 orcs (D:4)
  A ball python (D:4)
  A bat (D:1)
  3 giant cockroaches
  4 goblins
  6 hobgoblins (D:1)
  A quokka (D:2)
  A frilled lizard (D:1)
  A jackal skeleton (D:4)
  5 kobolds
  7 rats
50 creatures vanquished.

Notes
Turn   | Place    | Note
-------+----------+-------------------------------------------
     0 | D:1      | Hedgelord the Hill Orc Fighter began the quest for the Orb.
     0 | D:1      | Reached XP level 1. HP: 19/19 MP: 1/1
    89 | D:1      | Reached XP level 2. HP: 26/27 MP: 2/2
   108 | D:1      | Reached skill level 3 in Axes
   142 | D:1      | Found an iron altar of Okawaru.
   456 | D:1      | Reached XP level 3. HP: 26/33 MP: 3/3
  1284 | D:2      | Found a shattered altar of Ashenzari.
  1304 | D:2      | Found a bloodstained altar of Trog.
  1317 | D:2      | Became a worshipper of Trog the Wrathful
  1322 | D:2      | Found an opulent altar of Gozag.
  1394 | D:2      | You fall through a shaft for 2 floors!
  1477 | D:4      | Reached skill level 4 in Axes
  1477 | D:4      | Reached XP level 4. HP: 40/40 MP: 4/4
  1673 | D:4      | Found a staircase to the Ecumenical Temple.
  1680 | D:4      | Noticed an ogre
  1686 | Temple   | Entered the Ecumenical Temple
  1716 | Temple   | Killed an ogre
  1716 | Temple   | Reached skill level 5 in Axes
  1716 | Temple   | Reached XP level 5. HP: 21/46 MP: 5/5
  1960 | D:4      | Reached skill level 6 in Axes
  2018 | D:4      | Reached XP level 6. HP: 49/52 MP: 6/6
  2430 | D:5      | Entered Level 5 of the Dungeon
  2433 | D:5      | Noticed Edmund
  2453 | D:5      | Killed Edmund
  2453 | D:5      | Reached skill level 7 in Axes
  2453 | D:5      | Reached XP level 7. HP: 58/60 MP: 7/7
  2501 | D:5      | Found a glowing golden altar of the Shining One.
  2503 | D:5      | Found Sisiyl's Antique Armour Emporium.
  2532 | D:5      | Noticed Eustachio
  2552 | D:5      | Reached skill level 8 in Axes
  2606 | D:5      | Killed from afar by an orc

Skill      XL: |  1  2  3  4  5  6  7 |
---------------+----------------------+-----
Axes           | 3 4 5 6 7 8 |  8.1
Fighting       | 4 |  4.4
Shields        | 4 |  4.4
Armour         | 4 |  4.3
Dodging        | |  0.7
Stealth        | |  0.1

Action                   |  1- 3 |  4- 6 |  7- 9 || total
-------------------------+-------+-------+-------++-------
Melee: War axe           |    80 |    67 |    30 ||   177
Invok: Burn Spellbooks   |       |     1 |       ||     1
  Use: Scroll            |     4 |     1 |     2 ||     7
       Potion            |     2 |     3 |     1 ||     6
  Eat: Bread ration      |     1 |       |       ||     1
Armor: Scale mail        |    31 |    17 |       ||    48
       Chain mail        |       |       |    50 ||    50
Dodge: Dodged            |    30 |    16 |    25 ||    71
Block: Shield            |    39 |    44 |    39 ||   122
